 Dungeon Crawl Stone Soup version 0.31-a0-851-g7ff8af7976 (webtiles) character file.

Game seed: 16305555614754423282

70 CrazyBamboolord the Grave Robber (level 4, -2/21 HPs)
             Began as a Vine Stalker Necromancer on Oct 5, 2023.
             Slain by Terence
             ... wielding a +0 mace
              (4 damage)
             ... on level 3 of the Dungeon.
             The game lasted 00:04:49 (2685 turns).

CrazyBamboolord the Grave Robber (VSNe)             Turns: 2685, Time: 00:04:50

Health: -2/21      AC:  2    Str: 10    XL:     4   Next: 21%
Magic:  0/9        EV: 12    Int: 17    God:
Gold:   104        SH:  0    Dex: 15    Spells: 4/8 levels left

rFire   . . .        k - +0 dagger (drain)
rCold   . . .        (no shield)
rNeg    . . .        a - +0 robe
rPois   .            (no helmet)
rElec   .            (no cloak)
rCorr   +            (no gloves)
SInv    .            (no boots)
Will    .....        (no amulet)
Stlth   ++           f - ring of resist corrosion
HPRegen 1.03/turn    (no ring)
MPRegen 0.11/turn

%: guardian spirit
@: no status effects
A: fangs 2, regeneration 1, magic shield, antimagic bite, no potion heal 2
a: no special abilities


You were on level 3 of the Dungeon.
You visited 1 branch of the dungeon, and saw 3 of its levels.

You collected 104 gold pieces.

Inventory:

Hand Weapons
 i - the +9 trident of Chaos {venom, +Blink rElec Stlth+}
   (You found it on level 2 of the Dungeon)

   rElec:     It insulates you from electricity.
   +Blink:    It lets you blink.
   Stlth+:    It makes you more stealthy.
 k - a +0 dagger of draining (weapon)
Armour
 a - a +0 robe (worn)
Jewellery
 f - a ring of resist corrosion (left hand)
Wands
 g - a wand of polymorph (7)
 j - a wand of light (1)
Scrolls
 e - a scroll of identify {unknown}
 h - a scroll of amnesia {unknown}
Potions
 d - a potion of enlightenment {unknown}


   Skills:
 + Level 0.7 Fighting
 + Level 1.8 Dodging
 * Level 3.7 Stealth
 * Level 2.9 Spellcasting
 * Level 4.4 Necromancy


You had 4 spell levels left.
You knew the following spells:

 Your Spells              Type           Power      Damage    Failure   Level
a - Necrotise             Necr           68%        1d7       2%          1
b - Vampiric Draining     Necr           17%        2d7       9%          3

Your spell library contained the following spells:

 Spells                   Type           Power      Damage    Failure   Level
 Static Discharge         Conj/Air       4%         2-3/arc   26%         2
 Animate Dead             Necr           17%        N/A       28%         4
 Airstrike                Air            1%         2d(1-17)  87%         4
 Summon Lightning Spire   Summ/Air       2%         N/A       87%         4
 Agony                    Necr           17%        N/A       61%         5


Dungeon Overview and Level Annotations

Branches:
Dungeon (3/15)

Altars:
Cheibriados

Annotations:
D:3 Terence


Innate Abilities, Weirdness & Mutations

You have extremely sharp teeth.
Your natural rate of healing is unusually fast.
When hurt, damage is shared between your health and your magic reserves.
Your bite disrupts and absorbs the magic of your enemies.
Potions cannot restore your health.


Message History

Your ball python skeleton crumbles into dust!
A dart slug comes into view.
A dart slug is nearby!
A dart slug is nearby!
The dart slug writhes in agony!
The dart slug launches a dart at you. The slug dart hits you.
The dart slug writhes in agony.
The dart slug closely misses you.
The dart slug writhes in agony.
You kill the dart slug!
You can't see any susceptible monsters within range! (Use Z to cast anyway.)
You see here a dart slug corpse.
You open the door.
Terence the Incautious comes into view.
He is wielding a +0 mace.
Terence is nearby!
A hobgoblin comes into view.
The hobgoblin shouts!
Terence shouts!
There is an open door here.
Terence writhes in agony.
Terence closely misses you.
Terence barely resists.
Terence completely misses you.
Terence writhes in agony.
Terence hits you with a +0 mace!
Terence writhes in agony!
Terence closely misses you.
You barely miss Terence.
Terence is severely wounded.
Terence hits you with a +0 mace.
You hit Terence but do no damage. Your bite misses Terence.
Terence is severely wounded.
Terence hits you with a +0 mace. Terence attacks as he pursues you!
Terence hits you with a +0 mace.
You closely miss Terence. Your bite misses Terence.
Terence is severely wounded.
Terence hits you with a +0 mace!
* * * LOW HITPOINT WARNING * * *
Unknown command.
Magic courses through your body. Terence hits you with a +0 mace!
* * * LOW HITPOINT WARNING * * *
You barely miss Terence.
Terence is severely wounded.
Terence hits you with a +0 mace!
You die...

#...# ..... ########
...... ...# .....
.... ...# #.... ...
.# ...# #.... #.#
#.# ...# #....####.#
#.# ...#
#....#....###.# ...#
#....#...†.##.# ...#
#....#@..#..#.# ...#
#...g@...##.#.# ...#
#....#...##...# ###
#### #....#.#####..#
.... ......##.# ##.#
..... ######
#.######.#......
#.#.............
#.#.#####.......
################.#.#
#......


You could see Terence and a hobgoblin.

Vanquished Creatures
  An adder (D:2)
  3 dart slugs (D:3)
  An orc (D:3)
  4 bats
  4 endoplasms (D:1)
  2 giant cockroaches
  4 goblins
  5 hobgoblins
  2 jackals (D:1)
  6 kobolds
  6 quokkas
  2 ball pythons
  4 frilled lizards
  2 rats
46 creatures vanquished.

Vanquished Creatures (collateral kills)
  An endoplasm (D:2)
1 creature vanquished.

Grand Total: 47 creatures vanquished

Notes
Turn   | Place    | Note
-------+----------+-------------------------------------------
     0 | D:1      | CrazyBamboolord the Vine Stalker Necromancer began the
                  | quest for the Orb.
     0 | D:1      | Reached XP level 1. HP: 9/9 MP: 4/4
   187 | D:1      | Reached XP level 2. HP: 13/13 MP: 3/6
   940 | D:1      | Reached XP level 3. HP: 17/17 MP: 1/7
  1249 | D:1      | Learned a level 3 spell: Vampiric Draining
  1304 | D:2      | Found a snail-covered altar of Cheibriados.
  1977 | D:2      | Identified the +9 trident of Chaos {venom, +Blink rElec
                  | Stlth+}
  2301 | D:3      | Reached XP level 4. HP: 17/21 MP: 6/9
  2674 | D:3      | Noticed Terence
  2683 | D:3      | HP: 1/21 [Terence/+0 mace (7)]
  2685 | D:3      | Slain by Terence

Illustrated notes

Levels and vault maps discovered:
D:1:      dpeg_arrival_rhombi, layout_basic, serial_forest,
          infiniplex_forest_straight_1, infiniplex_forest_lined_3_way,
          infiniplex_forest_clump_small, infiniplex_forest_lined_room_2,
          infiniplex_forest_end_2
D:2:      layout_loops_ring, basic_altar
D:3:      layout_basic, uniq_terence

Skill      XL: |  1  2 |
---------------+-------+-----
Stealth        | 3 |  3.7
Fighting       | |  0.7
Dodging        | |  1.8
Spellcasting   | |  2.9
Necromancy     | |  4.4

Action                     |  1- 3 |  4- 6 || total
---------------------------+-------+-------++-------
  Melee: Dagger            |    10 |     4 ||    14
         Bite              |     3 |       ||     3
         Unarmed           |     2 |       ||     2
   Cast: Necrotise         |    67 |    19 ||    86
    Use: Potion            |       |     1 ||     1
   Stab: Sleeping          |     7 |       ||     7
 Armour: Robe              |    10 |     9 ||    19
  Dodge: Dodged            |    25 |     6 ||    31

Table legend: (Time is in decaauts)
 A = Elapsed time spent in this place.
 B = Non-inter-level travel time spent in this place.
 C = Inter-level travel time spent in this place.
 D = Time resting spent in this place.
 E = Time spent auto-exploring this place.
 F = Levels seen in this place.
 G = Mean time per level.
                   A        B        C        D        E       F      G
               +--------+--------+--------+--------+--------+-----+--------+
         Total |   2682 |   2509 |    173 |      0 |   2230 |   3 |  894.0 |
       Dungeon |   2682 |   2509 |    173 |      0 |   2230 |   3 |  894.0 |
               +--------+--------+--------+--------+--------+-----+--------+

Top non-repeatable levels by time:
     D:1: 1303 daAuts
     D:2: 868 daAuts
     D:3: 511 daAuts
